 Dungeon Crawl Stone Soup version 0.30-a0-305-g026cb31310 (webtiles) character file.

Game seed: 6633653474834772941

462 billz999 the Sneak (level 6, 0/41 HPs)
             Began as a Vampire Earth Elementalist on Oct 22, 2022.
             Was an Initiate of Yredelemnul.
             Shot with an arrow by a centaur (10 damage)
             ... on level 6 of the Dungeon.
             The game lasted 00:13:43 (3955 turns).

billz999 the Sneak (Vampire Earth Elementalist)     Turns: 3955, Time: 00:13:44

Health: 0/41       AC:  7    Str:  7    XL:     6   Next: 79%
Magic:  0/9        EV: 12    Int: 19    God:    Yredelemnul [......]
Gold:   165        SH:  0    Dex: 15    Spells: 4/9 levels left

rFire   . . .      SeeInvis +    f - +0 mace
rCold   . . .      Faith    .    (no shield)
rNeg    . . .      Spirit   .    a - +0 robe
rPois   .          Reflect  .    k - +0 helmet
rElec   .          Harm     .    (no cloak)
rCorr   .          Rampage  .    (no gloves)
Will    .....                    (no boots)
Stlth   +++.......               (no amulet)
HPRegen 0.46/turn                d - +4 ring of protection
MPRegen 0.11/turn                (no ring)

@: brilliant, lethally poisoned (0 -> -4), healing quickly
A: alive, fangs 3, see invisible, vampiric 2
a: Exsanguinate, Renounce Religion, Recall Undead Harvest


You were on level 6 of the Dungeon.
You worshipped Yredelemnul.
Yredelemnul was noncommittal.
You visited 1 branch of the dungeon, and saw 5 of its levels.

You collected 165 gold pieces.

Inventory:

Hand Weapons
 b - a +2 mace of protection
 f - a +0 mace (weapon)
 m - a +0 dagger
Armour
 a - a +0 robe (worn)
 k - a +0 helmet (worn)
Jewellery
 d - a +4 ring of protection (left hand)
Wands
 s - a wand of polymorph (5)
Scrolls
 e - a scroll of immolation
 g - 2 scrolls of identify
 j - a scroll of fog {unknown}
 p - a scroll of fear {unknown}
 u - a scroll of brand weapon {unknown}
 v - a scroll of silence {unknown}
Potions
 i - 3 potions of curing
 n - 2 potions of cancellation
 q - 2 potions of ambrosia
 r - a potion of degeneration {unknown}
 t - a potion of flight {unknown}


   Skills:
 - Level 2.3 Dodging
 + Level 6.6 Stealth
 + Level 2.4 Spellcasting
 * Level 6.0 Transmutations
 + Level 3.4 Earth Magic


You had 4 spell levels left.
You knew the following spells:

 Your Spells              Type           Power      Damage    Failure   Level
a - Sandblast             Erth           44%        2d11      4%          1
b - Petrify               Tmut/Erth      30%        N/A       24%         4

Your spell library contained the following spells:

 Spells                   Type           Power      Damage    Failure   Level
 Passwall                 Tmut/Erth      25%        N/A       3%          2
 Stone Arrow              Conj/Erth      26%        3d8       24%         3


Dungeon Overview and Level Annotations

Branches:
Dungeon (4/15)
 Temple: D:4-7

Altars:
Fedhas
Ru
Trog
Yredelemnul


Innate Abilities, Weirdness & Mutations

Your natural rate of healing is accelerated.
You have razor-sharp teeth.
You have supernaturally acute eyesight. (SInv)
You are afflicted with vampirism and can become a bat while bloodless.


Message History

You feel a surge of power!
You miscast Sandblast.
You are very lightly contaminated with residual magic.
Nothing appears to happen.
The scorpion closely misses you. x2
Unknown command.
The scorpion attacks as you move away! The scorpion completely misses you.
You feel a little less mighty now. The scorpion attacks as you move away!
The scorpion misses you.
The scorpion stings you but does no damage.
The scorpion closely misses you.
Your magical contamination has completely faded away.
Okay, then.
Casting: Sandblast (safe; 4% risk of failure)
Confirm with . or Enter, or press ? or * to list all spells.
Aiming: Sandblast (safe; 4% risk of failure)
Press: ? - help, Shift-Dir - straight line, f/p - scorpion
Aim: a scorpion (83% to hit)
You feel a surge of power!
The blast of sand hits the scorpion.
The scorpion is moderately wounded.
The centaur shouts!
The centaur shoots an arrow.
The arrow misses you. The scorpion stings you.
You are poisoned.
The scorpion poisons you!
The scorpion stings you but does no damage.
You feel better. The scorpion stings you.
You are poisoned.
The scorpion poisons you!
Casting: Sandblast (safe; 4% risk of failure)
Confirm with . or Enter, or press ? or * to list all spells.
Aiming: Sandblast (safe; 4% risk of failure)
Press: ? - help, Shift-Dir - straight line, f/p - scorpion
Aim: a scorpion (moderately wounded, 83% to hit)
You feel a surge of power!
The blast of sand hits the scorpion.
The scorpion is heavily wounded.
You feel very sick.
The centaur shoots an arrow.
The arrow hits you!
The centaur shoots an arrow.
The arrow misses you. The scorpion stings you.
* * * LOW HITPOINT WARNING * * *
The centaur shoots an arrow.
The arrow hits you!
You die...
Yredelemnul claims you as an undead slave.

#..)......
#......... #
###..####..#
#..## ##.
#.## .c ##.#
##.# #..#
#..#
##.#####.#
#......s@#
##########


You could see a centaur and a scorpion.

Vanquished Creatures
  A black bear (D:3)
  A bullfrog (D:6)
  2 iguanas (D:4)
  Natasha (thrice) (D:2)
  Ijyb (D:3)
  Robin (D:2)
  4 adders
  2 dart slugs
  3 orcs (D:3)
  4 ball pythons
  7 bats
  12 endoplasms
  4 giant cockroaches
  22 goblins
  12 hobgoblins
  6 jackals
  4 kobolds
  3 quokkas
  A frilled lizard (D:3)
  7 rats
100 creatures vanquished.

Vanquished Creatures (collateral kills)
  A jackal (D:3)
1 creature vanquished.

Vanquished Creatures (others)
  A bat zombie (D:3)
  2 endoplasm zombies (D:3)
  4 goblin zombies (D:3)
  2 jackal zombies (D:3)
  An orc zombie (D:3)
10 creatures vanquished.

Grand Total: 111 creatures vanquished

Notes
Turn   | Place    | Note
-------+----------+-------------------------------------------
     0 | D:1      | billz999 the Vampire Earth Elementalist began the quest for
                  | the Orb.
     0 | D:1      | Reached XP level 1. HP: 13/13 MP: 3/3
   130 | D:1      | Reached XP level 2. HP: 19/19 MP: 3/5
   468 | D:1      | Gained mutation: You are afflicted with vampirism and can
                  | become a bat while bloodless. [Vampire growth]
   468 | D:1      | Reached XP level 3. HP: 24/24 MP: 2/6
  1231 | D:2      | Noticed Natasha
  1263 | D:2      | Killed Natasha
  1264 | D:2      | Reached XP level 4. HP: 29/30 MP: 2/7
  1424 | D:2      | Noticed Natasha
  1428 | D:2      | Killed Natasha
  1429 | D:2      | Reached skill level 5 in Stealth
  1508 | D:2      | Noticed Robin
  1555 | D:2      | Reached XP level 5. HP: 35/35 MP: 6/8
  1754 | D:2      | Killed Robin
  1857 | D:2      | Noticed Natasha
  1863 | D:2      | Killed Natasha
  1911 | D:3      | Found a basalt altar of Yredelemnul.
  1925 | D:3      | Became a worshipper of Yredelemnul the Dark
  2417 | D:3      | Noticed Ijyb
  2430 | D:3      | Killed Ijyb
  2431 | D:3      | Reached skill level 5 in Transmutations
  2620 | D:3      | Noticed a black bear
  2633 | D:3      | Killed a black bear
  2634 | D:3      | Reached XP level 6. HP: 36/41 MP: 2/9
  2749 | D:3      | Found a blossoming altar of Fedhas.
  2968 | D:3      | Learned a level 4 spell: Petrify
  3041 | D:3      | Found a sacrificial altar of Ru.
  3478 | D:4      | Reached * piety under Yredelemnul
  3553 | D:4      | Found a bloodstained altar of Trog.
  3890 | D:4      | You fall into a shaft and drop 2 floors!
  3902 | D:6      | Noticed an ice beast
  3915 | D:6      | an ice beast changed into a tengu
  3955 | D:6      | Shot with an arrow by a centaur

Illustrated notes

Levels and vault maps discovered:
D:1:      dpeg_arrival_rooms_c, layout_basic, minivault_23
D:2:      layout_rooms, minmay_tetromino_o4, uniq_robin, uniq_natasha
D:3:      kennysheep_goblin_castle, layout_basic, lemuel_doored_altar,
          mainiacjoe_overflow_six_doors_small, mainiacjoe_overflow_boulevard
D:4:      layout_basic, mainiacjoe_overflow_24_doors
D:6:      layout_rooms, mainiacjoe_overflow_alcove_4, tgw_xom,
          portal_sewer_entry_d

Skill      XL: |  1  2  3  4  5  6 |
---------------+-------------------+-----
Transmutations | 2 3 4 5 6 |  6.0
Stealth        | 4 5 6 |  6.6
Dodging        | |  2.3
Spellcasting   | |  2.4
Earth Magic    | |  3.4

Action                   |  1- 3 |  4- 6 || total
-------------------------+-------+-------++-------
Melee: Unarmed           |    50 |     4 ||    54
       Mace              |     8 |    25 ||    33
       Bite              |     6 |     5 ||    11
       Punch             |     1 |     3 ||     4
       Dagger            |       |    12 ||    12
 Cast: Sandblast         |    53 |   114 ||   167
       Petrify           |       |     2 ||     2
Evoke: Wand              |       |     1 ||     1
  Use: Scroll            |     1 |     9 ||    10
       Potion            |       |     4 ||     4
 Stab: Distracted        |       |     2 ||     2
       Sleeping          |       |     2 ||     2
Armor: Robe              |    46 |    54 ||   100
       Skin              |       |     1 ||     1
Dodge: Dodged            |    94 |   125 ||   219

Table legend: (Time is in decaauts)
 A = Elapsed time spent in this place.
 B = Non-inter-level travel time spent in this place.
 C = Inter-level travel time spent in this place.
 D = Time resting spent in this place.
 E = Time spent auto-exploring this place.
 F = Levels seen in this place.
 G = Mean time per level.
                   A        B        C        D        E       F      G
               +--------+--------+--------+--------+--------+-----+--------+
         Total |   4061 |   3925 |    136 |    300 |   2842 |   5 |  812.2 |
       Dungeon |   4061 |   3925 |    136 |    300 |   2842 |   5 |  812.2 |
               +--------+--------+--------+--------+--------+-----+--------+

Top non-repeatable levels by time:
     D:3: 1500 daAuts
     D:1: 1116 daAuts
     D:2: 840 daAuts
     D:4: 535 daAuts
     D:6: 69 daAuts
